 Dungeon Crawl Stone Soup version 0.27-a0-242-ge0fc76b88b (webtiles) character file.

Game seed: 7887272331906107344

3 tilp the Covert (level 1, -3/23 HPs)
             Began as a Gnoll Delver on Feb 2, 2021.
             Killed from afar by an orc wizard (10 damage)
             ... with a magic dart
             ... on level 4 of the Dungeon.
             The game lasted 00:03:16 (453 turns).

tilp the Covert (Gnoll Delver)                       Turns: 453, Time: 00:03:17

Health: -3/23      AC:  5    Str: 11    XL:     1   Next: 50%
Magic:  1/1        EV: 12    Int:  9    God:
Gold:   45         SH:  0    Dex: 13    Spells: 0/0 levels left

rFire    . . .     SeeInvis .   a - +0 mace
rCold    . . .     Faith    .   (no shield)
rNeg     . . .     Spirit   .   n - +0 ring mail
rPois    .         Reflect  .   (no helmet)
rElec    .         Harm     .   (no cloak)
rCorr    .         Rampage  .   (no gloves)
Will     .....                  (no boots)
Stlth    +.........             (no amulet)
HPRegen  0.07/turn              (no ring)
MPRegen  0.07/turn              (no ring)

@: confused, mighty
A: distributed training, fangs 1, strong nose
a: no special abilities


You were on level 4 of the Dungeon.
You visited 1 branch of the dungeon, and saw 3 of its levels.

You collected 45 gold pieces.

Inventory:

Hand Weapons
 a - a +0 mace (weapon)
Missiles
 h - 7 boomerangs (quivered)
 j - 28 sling bullets
 k - 16 arrows
 l - a throwing net
Armour
 n - a +0 ring mail (worn)
Wands
 g - a wand of digging (2)
Scrolls
 c - a scroll of fog
 d - a scroll of immolation {unknown}
 e - a scroll of fear
Potions
 f - a potion of haste
 m - a potion of attraction {unknown}


   Skills:
 + Level 6.4 Fighting
 + Level 0.0 Short Blades
 + Level 0.0 Long Blades
 + Level 0.0 Axes
 + Level 4.4 Maces & Flails
 + Level 0.0 Polearms
 + Level 0.0 Staves
 + Level 0.0 Slings
 + Level 0.0 Bows
 + Level 0.0 Crossbows
 + Level 0.0 Throwing
 + Level 0.0 Armour
 + Level 4.4 Dodging
 + Level 9.5 Stealth
 + Level 0.0 Shields
 + Level 0.0 Unarmed Combat
 + Level 0.0 Spellcasting
 + Level 0.0 Conjurations
 + Level 0.0 Hexes
 + Level 0.0 Summonings
 + Level 0.0 Necromancy
 + Level 0.0 Translocations
 + Level 0.0 Transmutations
 + Level 0.0 Fire Magic
 + Level 0.0 Ice Magic
 + Level 0.0 Air Magic
 + Level 0.0 Earth Magic
 + Level 0.0 Poison Magic
 + Level 0.1 Invocations
 + Level 0.0 Evocations


You couldn't memorise any spells.
You didn't know any spells.
Your spell library was empty.

Dungeon Overview and Level Annotations

Branches:
Dungeon (6/15)
 Temple: D:4-7

Altars:

Annotations:
D:5 1 runed translucent door, Crazy Yiuf, Sigmund
D:6 2 transporters


Innate Abilities, Weirdness & Mutations

Your experience applies equally to all skills.
You have very sharp teeth.
Your uncanny sense of smell can sniff out nearby items.


Message History

Unknown command.
You miss something.
You feel less confused.
You hear some strange, mumbled words.
You are confused.
Unknown command.
You bump into the rock wall.
You hear some strange, mumbled words.
A puff of flame appears from out of thin air!
The puff of flame hits you.
* * * LOW HITPOINT WARNING * * *
Unknown command.
You bump into the rock wall.
Something hits you but does no damage.
Unknown command.
It was a potion of might.
You feel very mighty all of a sudden.
You hear some strange, mumbled words.
A magic dart appears from out of thin air!
The magic dart hits you!
You die...

.....# #.# #.#
.....# #.# #.#
###.## #.# #.# # #.#
#.# #.# # #.# #.#
#o# # #.####### #.#
#.# # #.#.....# #.#
#.# ###.#.###.#
#.####o# ....#.###.#
#...@{{#
###....##.##########
.......##.......#
###....########.#
###### #.# #.# #.#
#.# #.#


You could see an orc.

Vanquished Creatures
  An orc (D:4)
  A frilled lizard (D:4)
  A quokka skeleton (D:4)
3 creatures vanquished.

Notes
Turn   | Place    | Note
-------+----------+-------------------------------------------
     0 | D:5      | Reached skill level 9 in Stealth
     0 | D:5      | tilp the Gnoll Delver began the quest for the Orb.
     0 | D:5      | Reached XP level 1. HP: 23/23 MP: 1/1
     1 | D:6      | Found a transporter.
     4 | D:6      | Noticed an orc priest
    11 | D:6      | Found a transporter.
    16 | D:5      | Noticed an iguana
    79 | D:5      | Found a runed translucent door.
    80 | D:5      | Noticed Crazy Yiuf
   210 | D:5      | Noticed Sigmund
   403 | D:4      | Noticed an orc wizard
   441 | D:4      | Noticed an orc wizard
   453 | D:4      | Killed from afar by an orc wizard

Illustrated notes

Levels and vault maps discovered:
D:4:      layout_basic, serial_shops, kennysheep_mini,
          fedhas_bush_and_centaur_altar, uniq_blork_the_orc
D:5:      layout_loops_ring, nicolae_ossuary_entry_giza, gammafunk_ghost_icy,
          hangedman_decor_diamond_cutter, st_stairs_10, uniq_prince_ribbit1,
          uniq_sigmund, uniq_crazy_yiuf_cottage, uniq_eustachio
D:6:      gammafunk_wand_slinger, layout_basic, minmay_temple_entry_trees,
          uniq_grinder

Skill      XL: | |
---------------+-+-----
Stealth        | |  9.5
Fighting       | |  6.4
Maces & Flails | |  4.4
Dodging        | |  4.4
Invocations    | |  0.1

Action                   || total
-------------------------++-------
Melee: Mace              ||    15
       Bite              ||     1
Evoke: Wand              ||     1
  Use: Scroll            ||     1
       Potion            ||     1
Armor: Ring mail         ||     2
Dodge: Dodged            ||     6

Table legend: (Time is in decaauts)
 A = Elapsed time spent in this place.
 B = Non-inter-level travel time spent in this place.
 C = Inter-level travel time spent in this place.
 D = Time resting spent in this place.
 E = Time spent auto-exploring this place.
 F = Levels seen in this place.
 G = Mean time per level.
                   A        B        C        D        E       F      G
               +--------+--------+--------+--------+--------+-----+--------+
         Total |    459 |    313 |    146 |      0 |      0 |   3 |  153.0 |
       Dungeon |    459 |    313 |    146 |      0 |      0 |   3 |  153.0 |
               +--------+--------+--------+--------+--------+-----+--------+

Top non-repeatable levels by time:
     D:4: 283 daAuts
     D:5: 146 daAuts
     D:6: 29 daAuts
